 Dungeon Crawl Stone Soup version 0.20-a0-269-g17f5411 (webtiles) character file.

7847 KristoblXynda the Cleaver (level 11, 0/71 HPs)
             Began as a Pale Draconian Gladiator on Dec 8, 2016.
             Was a Follower of Ashenzari.
             Slain by a hornet (3 damage)
             ... on level 10 of the Dungeon.
             The game lasted 00:25:29 (10798 turns).

KristoblXynda the Cleaver (DrGl)                   Turns: 10798, Time: 00:25:30

Health: 0/71       AC: 11    Str: 18    XL:     11   Next: 2%
Magic:  11/11      EV: 13    Int: 10    God:    Ashenzari [*.....]
Gold:   592        SH: 11    Dex:  9    Spells: 10/10 levels left

rFire  . . .     SeeInvis .     a - +3 war axe
rCold  . . .     Gourm    .     (armour unavailable)
rNeg   . . .     Faith    .     h - +0 shield (curse)
rPois  .         Spirit   .     b - +1 hat (curse)
rElec  .         Reflect  .     (no cloak)
rCorr  .         Harm     .     e - +2 pair of gloves (curse)
MR     .....                    (no boots)
Stlth  +.........               (no amulet)
                                (no ring)
                                (no ring)

@: lethally poisoned (0 -> -12), slowed, very slow
A: breathe steam, unfitting armour, antennae 2, hooves 1, blurry vision 1,
clumsy 1, dopey 1, frail 1, mutation resistance 1, wild magic 1, cold-blooded,
AC +7
a: Breathe Steam, Curse Item, Scrying, Renounce Religion


You were on level 10 of the Dungeon.
You worshipped Ashenzari.
Ashenzari was aware of your devotion.
You were not hungry.

You visited 2 branches of the dungeon, and saw 11 of its levels.

You collected 592 gold pieces.

Inventory:

Hand Weapons
 a - a +3 war axe (weapon)
Missiles
 c - 3 throwing nets (quivered)
Armour
 b - a cursed +1 hat (worn)
 e - a cursed +2 pair of gloves (worn)
 h - a cursed +0 shield (worn)
Jewellery
 t - an uncursed ring of fire
Wands
 o - a wand of disintegration (13/24)
Scrolls
 f - a scroll of teleportation
 i - 4 scrolls of fear
 p - a scroll of enchant armour
 q - 2 scrolls of immolation
 r - a scroll of recharging
 s - 2 scrolls of blinking
 x - 4 scrolls of remove curse
 y - a scroll of identify
Potions
 g - 2 potions of flight
 k - a potion of magic
 n - 2 potions of resistance
 v - a potion of invisibility
 w - a potion of brilliance {unknown}
Books
 u - a book of Callings

   Spells                             Type                      Level
   a - Summon Small Mammal            Summoning                    1
   b - Call Imp                       Summoning                    2
   c - Call Canine Familiar           Summoning                    3
   d - Summon Guardian Golem          Hexes/Summoning              3
   e - Summon Lightning Spire         Summoning/Air                4
   f - Summon Ice Beast               Ice/Summoning                4
Comestibles
 d - 4 bread rations
 j - a meat ration
 m - 4 chunks of flesh


   Skills:
 - Level 2.1 Fighting
 - Level 11.9 Axes
 - Level 2.1 Throwing
 + Level 5.5 Dodging
 + Level 2.0 Stealth
 + Level 10.7 Shields


You had 10 spell levels left.
You didn't know any spells.

Dungeon Overview and Level Annotations

Branches:
Dungeon (10/15)            Temple (1/1) D:7            Lair (0/6) D:8
    Orc: D:9-12

Altars:
Ashenzari
Cheibriados
Dithmenos
Elyvilon
Fedhas
Gozag
Hepliaklqana
Kikubaaqudgha
Makhleb
Nemelex Xobeh
Okawaru
Qazlal
Ru
Sif Muna
Trog
Uskayaw
Vehumet
Xom
Yredelemnul
Zin
The Shining One

Shops:
D:5 (

Annotations:
D:4 KristoblXynda's ghost, amateur DrFi


Innate Abilities, Weirdness & Mutations

You can breathe blasts of scalding, opaque steam.
Your pale cyan-grey scales are hard. (AC +7)
You cannot fit into any form of body armour.
You are cold-blooded and may be slowed by cold attacks.
You have a pair of antennae on your head.
You have large cloven feet.
Scrolls take you a little longer to read.
You are clumsy. (Dex -2)
You are dopey. (Int -2)
You are frail. (-10% HP)
You are somewhat resistant to further mutation.
Your spells are a little harder to cast, but a little more powerful.


Message History

* * * LOW HITPOINT WARNING * * *
You feel as though you will be slow longer.
The hornet stings you!
* * * LOW HITPOINT WARNING * * *
You are more poisoned.
You shrug off the repeated paralysis!
You have got your breath back.
* * * LOW HITPOINT WARNING * * *
You feel sick. The hornet closely misses you.
Unknown command.
You feel less invigorated.
You feel less confused.
* * * LOW HITPOINT WARNING * * *
You feel very sick. The hornet stings you.
* * * LOW HITPOINT WARNING * * *
You feel as though you will be slow longer.
* * * LOW HITPOINT WARNING * * *
You feel sick. The hornet stings you.
You die...

#. #### #.
###...###############.
................y....
#.#....######.###.#.
####....#.## #.# #)#.
.[.........### #[# #)#.
###.##.#....# #.# #)##
##########.y@.###†.###†###.#
#<.........#### #....)..)..#
........#### ##.###.######
.[......# #..#.(.....#
........# ##.#..#....#
..♣.....# ........#....) .
♣...... #####.#.##...#
♣.....# #...##...# ......#
##..##.[.#


You could see a hornet.

Vanquished Creatures
  The ghost of removeelyvilon the Grappler, a novice NaTm of Cheibriados (D:7)
  A hill giant (D:10)
  The ghost of KristoblXynda the Covert, a novice NaCj of Cheibriados (D:6)
  A troll (D:10)
  The ghost of DEFE the Charlatan, an amateur FoAr (D:3)
  A two-headed ogre (D:9)
  A hippogriff (D:6)
  Eustachio (D:5)
  2 wyverns (D:10)
  5 yaks
  3 ice beasts
  A porcupine (D:8)
  3 orc warriors
  3 necrophages
  3 sky beasts
  2 phantoms
  A centaur (D:5)
  5 ogres
  A crocodile (D:8)
  5 bullfrogs
  2 scorpions (D:8)
  13 killer bees
  5 wights (D:10)
  2 howler monkeys (D:10)
  3 crimson imps
  A centaur zombie (D:8)
  2 hounds
  3 jellies
  2 orc priests (D:6)
  2 centaur skeletons
  2 iguanas
  10 orc wizards
  10 worker ants
  2 hound zombies
  A hound skeleton (D:9)
  2 worker ant zombies
  12 adders
  3 shadow imps
  An ooze (D:3)
  An adder zombie (D:5)
  3 adder skeletons
  5 worms
  2 dart slugs
  6 leopard geckos
  27 orcs
  5 bats
  4 giant cockroaches
  6 hobgoblins
  5 jackals
  7 kobolds
  5 quokkas
  A ball python (D:3)
  4 frilled lizards
  7 goblins
  A leopard gecko zombie (D:5)
  A quokka skeleton (D:9)
  6 rats
216 creatures vanquished.

Vanquished Creatures (others)
  An orc wizard (D:8)
  A quokka (D:6)
  13 fungi (D:4)
15 creatures vanquished.

Grand Total: 231 creatures vanquished

Notes
Turn   | Place    | Note
-------+----------+-------------------------------------------
     0 | D:1      | KristoblXynda the Draconian Gladiator began the quest for the Orb.
     0 | D:1      | Reached XP level 1. HP: 17/17 MP: 1/1
   106 | D:1      | Reached XP level 2. HP: 23/24 MP: 2/2
   853 | D:2      | Found a blossoming altar of Fedhas.
   963 | D:2      | Reached XP level 3. HP: 29/29 MP: 3/3
  1151 | D:2      | Reached skill level 1 in Stealth
  1394 | D:2      | Gained mutation: Scrolls take you a little longer to read. [potion of mutation]
  1394 | D:2      | Lost mutation: Scrolls take you a little longer to read. [potion of mutation]
  1394 | D:2      | Gained mutation: Your spells are a little harder to cast, but a little more powerful. [potion of mutation]
  1541 | D:2      | Reached XP level 4. HP: 28/36 MP: 4/4
  1574 | D:2      | Reached skill level 4 in Axes
  1674 | D:2      | Reached skill level 1 in Shields
  2076 | D:3      | Noticed DEFE's ghost (amateur FoAr)
  2097 | D:3      | Killed DEFE's ghost
  2097 | D:3      | Reached skill level 5 in Axes
  2097 | D:3      | Reached XP level 5. HP: 38/41 MP: 5/5
  2097 | D:3      | Reached XP level 6. HP: 45/48 MP: 6/6
  2614 | D:4      | Reached skill level 6 in Axes
  2619 | D:4      | Noticed KristoblXynda's ghost (amateur DrFi)
  3694 | D:5      | Entered Level 5 of the Dungeon
  3694 | D:5      | Noticed Eustachio
  3707 | D:5      | Noticed an ice beast
  3724 | D:5      | Your scales start taking on a pale cyan-grey colour.
  3724 | D:5      | Reached XP level 7. HP: 30/55 MP: 7/7
  3737 | D:5      | Reached skill level 7 in Axes
  3743 | D:5      | Killed Eustachio
  3907 | D:5      | Found a shimmering altar of Xom.
  3979 | D:5      | Found Biczapuh's Weapon Shop.
  4116 | D:5      | Reached skill level 8 in Axes
  4116 | D:5      | Reached XP level 8. HP: 31/61 MP: 8/8
  4510 | D:5      | Gained mutation: You are dopey. (Int -2) [potion of mutation]
  4510 | D:5      | Gained mutation: You have a pair of small antennae on your head. [potion of mutation]
  4510 | D:5      | Gained mutation: You are frail. (-10% HP) [potion of mutation]
  4596 | D:6      | Reached skill level 5 in Shields
  4993 | D:6      | Noticed a hippogriff
  5003 | D:6      | Killed a hippogriff
  5003 | D:6      | Reached skill level 9 in Axes
  5068 | D:6      | Got a translucent long sword
  5074 | D:6      | Identified the cursed +0 long sword of Kodghoumu {slice, rElec} (You found it on level 6 of the Dungeon)
  5458 | D:6      | Noticed KristoblXynda's ghost (novice NaCj)
  5494 | D:6      | Killed KristoblXynda's ghost
  5494 | D:6      | Reached skill level 10 in Axes
  5494 | D:6      | Reached XP level 9. HP: 18/60 MP: 9/9
  6025 | D:7      | Noticed removeelyvilon's ghost (novice NaTm)
  6049 | D:7      | Killed removeelyvilon's ghost
  6203 | D:7      | Found a hazy altar of Hepliaklqana.
  6216 | D:7      | Found a staircase to the Ecumenical Temple.
  6225 | Temple   | Entered the Ecumenical Temple
  6447 | Temple   | Became a worshipper of Ashenzari the Shackled
  6690 | D:7      | Gained mutation: You have a pair of antennae on your head. [potion of mutation]
  6690 | D:7      | Gained mutation: You are clumsy. (Dex -2) [potion of mutation]
  6690 | D:7      | Lost mutation: Your spells are a little harder to cast, but a little more powerful. [potion of mutation]
  7467 | D:8      | Reached skill level 11 in Axes
  7486 | D:8      | HP: 1/60 [crocodile (16)]
  7903 | D:8      | Found a staircase to the Lair.
  7910 | D:8      | Reached XP level 10. HP: 25/65 MP: 10/10
  8475 | D:8      | Reached * piety under Ashenzari
  8574 | D:8      | Gained mutation: Scrolls take you a little longer to read. [mutagenic meat]
  8575 | D:8      | Gained mutation: You are somewhat resistant to further mutation. [mutagenic meat]
  8577 | D:8      | Gained mutation: Your spells are a little harder to cast, but a little more powerful. [mutagenic meat]
  8578 | D:8      | Gained mutation: You have large cloven feet. [mutagenic meat]
  9449 | D:9      | Found a burning altar of Makhleb.
  9460 | D:9      | Reached skill level 10 in Shields
  9972 | D:10     | Entered Level 10 of the Dungeon
 10282 | D:10     | Reached skill level 5 in Dodging
 10686 | D:10     | Noticed a hill giant
 10698 | D:10     | Killed a hill giant
 10698 | D:10     | Reached XP level 11. HP: 16/71 MP: 11/11
 10794 | D:10     | Paralysed by a hornet for 1 turns
 10795 | D:10     | HP: 2/71 [hornet (13)]
 10798 | D:10     | Slain by a hornet

Vault maps used:
D:1:      nagdon_arrival_double_spiral
D:2:      fedhas_altar_3
D:4:      old_forge, first_bread
D:5:      xom_confusion_cloud, serial_shops, nicolae_shop_behind_doors,
          uniq_eustachio
D:7:      lemuel_round_altar
D:8:      grunt_lair_entry_orc_guard_hut
D:9:      makhleb_blood_cavern_becter
Temple:   eino_narrow_crystal_temple

Skill      XL: |  1  2  3  4  5  6  7  8  9 10 |
---------------+-------------------------------+-----
Throwing       | 2 |  2.1
Dodging        | 3 5 |  5.5
Stealth        | 1 2 |  2.0
Axes           | 5 6 8 10 11 | 11.9
Shields        | 2 3 4 6 9 10 | 10.7
Fighting       | |  2.1

Action                   |  1- 3 |  4- 6 |  7- 9 | 10-12 || total
-------------------------+-------+-------+-------+-------++-------
Melee: War axe           |    87 |   151 |   270 |   277 ||   785
       Tailslap          |     6 |    13 |    36 |    21 ||    76
       Kick              |       |       |       |    34 ||    34
Throw: Throwing net      |       |     1 |       |       ||     1
Invok: Curse Item        |       |       |     3 |       ||     3
 Abil: Breathe Steam     |       |       |    17 |    16 ||    33
  Use: Scroll            |    10 |     2 |     7 |     5 ||    24
       Potion            |     4 |     4 |     7 |     4 ||    19
 Stab: Held in net/web   |       |     1 |       |       ||     1
       Sleeping          |       |       |     2 |     2 ||     4
  Eat: Chunk             |     1 |     6 |    12 |     5 ||    24
       Royal jelly       |     1 |       |       |       ||     1
       Beef jerky        |       |       |     2 |     1 ||     3
       Meat ration       |       |       |       |     2 ||     2
       Fruit             |       |       |       |     2 ||     2
Armor: Skin              |    34 |    47 |    92 |    61 ||   234
Dodge: Dodged            |    72 |    82 |    92 |    87 ||   333
Block: Shield            |     6 |    91 |   118 |   121 ||   336
